 Dungeon Crawl Stone Soup version 0.31.0-4-g52a2dc7128 (webtiles) character file.

Game seed: 685304681192512863

1243 shadowrider38 the Ducker (level 8, -6/51 HPs)
             Began as a Kobold Reaver on Jan 22, 2024.
             Was a Follower of Okawaru.
             Mangled by a gnoll sergeant
             ... wielding a +2 spear of venom
              (11 damage)
             ... on level 6 of the Dungeon.
             The game lasted 00:07:49 (6670 turns).

shadowrider38 the Ducker (Kobold Reaver)            Turns: 6670, Time: 00:07:50

Health: -6/51      AC:  3    Str:  9    XL:     8   Next: 79%
Magic:  8/11       EV: 17    Int: 15    God:    Okawaru [*.....]
Gold:   303        SH:  0    Dex: 15    Spells: 8/11 levels left

rFire   + . .        a - +3 sling
rCold   . . .        (no shield)
rNeg    . . .        b - +0 leather armour
rPois   .            (no helmet)
rElec   .            (no cloak)
rCorr   .            (no gloves)
SInv    .            (no boots)
Will    .....        (no amulet)
Stlth   +++          f - ring of protection from fire
HPRegen 0.28/turn    (no ring)
MPRegen 0.12/turn

%: no passive effects
@: lethally poisoned (-6 -> -8), weak-willed, hasted, very quick
A: small, no large weapons, nightstalker 3
a: Renounce Religion, Heroism


You were on level 6 of the Dungeon.
You worshipped Okawaru.
Okawaru was aware of your devotion.
You visited 2 branches of the dungeon, and saw 7 of its levels.

You collected 303 gold pieces.

Inventory:

Hand Weapons
 a - a +3 sling (weapon)
 c - a +0 short sword
Missiles
 t - 2 boomerangs
 x - 6 silver javelins
Armour
 b - a +0 leather armour (worn)
Jewellery
 f - a ring of protection from fire (left hand)
 p - a ring of fire
Scrolls
 d - a scroll of torment {unknown}
 g - a scroll of fear {unknown}
 i - a scroll of immolation {unknown}
 j - a scroll of blinking {unknown}
 k - a scroll of vulnerability {unknown}
Potions
 e - a potion of brilliance
 l - a potion of enlightenment
 m - a potion of heal wounds {unknown}
 o - a potion of attraction {unknown}


   Skills:
 + Level 6.1 Fighting
 - Level 4.2 Short Blades
 + Level 6.6 Ranged Weapons
 + Level 6.9 Dodging
 - Level 2.0 Stealth
 - Level 2.1 Spellcasting
 - Level 3.0 Conjurations
 - Level 3.0 Hexes


You had 8 spell levels left.
You knew the following spells:

 Your Spells              Type           Power      Damage    Failure   Level
a - Kiss of Death         Conj/Necr      24%        2d7       17%         1
b - Jinxbite              Hex            20%        N/A       14%         2

Your spell library contained the following spells:

 Spells                   Type           Power      Damage    Failure   Level
 Momentum Strike          Conj/Tloc      12%        3d8       26%         2
 Apportation              Tloc           2%         N/A       30%         1
 Lesser Beckoning         Tloc           2%         N/A       43%         2
 Hailstorm                Conj/Ice       6%         3d5       45%         3
 Gell's Gravitas          Tloc           1%         N/A       67%         3
 Teleport Other           Tloc           1%         N/A       67%         3
 Alistair's Intoxication  Alch           0%         N/A       100%        5


Dungeon Overview and Level Annotations

Branches:
Dungeon (6/15) Zot: 25344  Temple (1/1) D:4 Zot: 5831

Altars:
Ashenzari
Cheibriados
Dithmenos
Elyvilon
Fedhas
Gozag
Hepliaklqana
Makhleb
Nemelex Xobeh
Okawaru
Qazlal
Ru
Trog
Uskayaw
Vehumet
Wu Jian
Yredelemnul
Zin
The Shining One

Annotations:
D:1 exclusion: downstairs
D:2 Sigmund
D:3 exclusion: downstairs, Grinder
D:5 exclusions: downstairs, ogre, wraith and 2 more exclusions, Duvessa
D:6 Jeremiah


Innate Abilities, Weirdness & Mutations

You are small and have problems with some larger weapons.
You are completely attuned to the shadows.


Message History

The sling bullet hits the gnoll.
The gnoll is severely wounded.
You feel very sick. The gnoll sergeant misses you.
You feel better.
The gnoll sergeant hits you from afar with a +2 spear of venom.
You are poisoned.
You feel better. The gnoll sergeant closely misses you.
Fire: a) +3 sling
Press: ? - help, Shift-Dir - straight line, f/p - gnoll
Aim: a gnoll, wielding a +0 whip (heavily wounded, 73% to hit)
You shoot a sling bullet.
The sling bullet hits the gnoll sergeant but does no damage.
The gnoll sergeant is moderately wounded.
The gnoll sergeant hits you from afar with a +2 spear of venom!
You are poisoned.
You feel better.
You feel like a meek peon again.
The gnoll sergeant hits you from afar with a +2 spear of venom.
You are poisoned.
You feel better.
The gnoll sergeant hits you from afar with a +2 spear of venom!
* * * LOW HITPOINT WARNING * * *
You are poisoned.
Press: ? - help, v - describe, . - travel
Here: a gnoll sergeant, wielding a +2 spear of venom, wearing a +0 scale mail and wearing a +0 kite shield (moderately wounded)
An open door, spattered with blood.
You aren't carrying any items that you can evoke.
Unknown command.
Okay, then.
Okay, then.
Okay, then.
* * * LOW HITPOINT WARNING * * *
You feel very sick.
* * * LOW HITPOINT WARNING * * *
You feel very sick.
You feel sick.
The gnoll sergeant attacks as it pursues you!
The gnoll sergeant barely misses you.
You feel sick.
Okay, then.
Okay, then.
Unknown command.
You open the door.
You feel sick. The gnoll sergeant closely misses you.
Unknown command.
Okay, then.
Okay, then.
You feel yourself speed up.
You feel sick.
The gnoll sergeant hits you from afar with a +2 spear of venom!
You die...

#...... ..#+ #.......
....##### #....... .)....#.#+#
+# #.....#.# ....D##...###
...##......#. ....)'†.....#
..5.'........ ....##.D....#
..5..##.....#
....#....g..#...... #.....#
##+####....g.@'...... ##....#.
......#.......#...... #......
......##......# .. ###......
.......'......# . +........
.......##...#### ###......
........#.#+#...#+# ##.##...
......##### .....#####..# .#.
#...#'#.# .......[.#.#'###...
#####...##.........##...###b..


You could see a steam dragon, a gnoll sergeant and a gnoll.

Vanquished Creatures
  A steam dragon (D:6)
  Menkaure (D:4)
  An ice beast (D:5)
  An ogre (D:5)
  A lemure (D:5)
  A scorpion (D:4)
  2 jellies
  2 bombardier beetles
  3 hounds
  2 orc priests
  Jessica (D:3)
  2 orc wizards
  A sleepcap (D:5)
  4 iguanas
  9 adders
  11 gnolls
  6 dart slugs
  12 orcs
  5 endoplasms
  2 giant cockroaches
  3 goblins
  2 hobgoblins (D:2)
  3 jackals (D:1)
  4 quokkas
  9 ball pythons
  3 bats
  2 frilled lizards
  3 kobolds
  7 rats
104 creatures vanquished.

Notes
Turn   | Place    | Note
-------+----------+-------------------------------------------
     0 | D:1      | shadowrider38 the Kobold Reaver began the quest for the
                  | Orb.
     0 | D:1      | Reached XP level 1. HP: 12/12 MP: 3/3
    39 | D:1      | Reached XP level 2. HP: 16/18 MP: 5/5
   389 | D:1      | Reached XP level 3. HP: 22/22 MP: 6/6
   512 | D:1      | Reached skill level 3 in Dodging
   732 | D:2      | Noticed Sigmund
   801 | D:2      | Reached XP level 4. HP: 27/27 MP: 7/7
   940 | D:2      | Reached skill level 3 in Fighting
  1571 | D:3      | Noticed Jessica
  1575 | D:3      | Killed Jessica
  1576 | D:3      | Reached XP level 5. HP: 24/32 MP: 8/8
  2254 | D:3      | Noticed Grinder
  2357 | D:4      | Reached skill level 3 in Ranged Weapons
  2544 | D:4      | Reached XP level 6. HP: 27/38 MP: 9/9
  2794 | D:4      | Noticed Menkaure
  3002 | D:4      | Killed Menkaure
  3003 | D:4      | Reached XP level 7. HP: 36/44 MP: 10/10
  3105 | D:4      | Found a staircase to the Ecumenical Temple.
  3439 | Temple   | Entered the Ecumenical Temple
  3512 | Temple   | Became a worshipper of Warmaster Okawaru
  3825 | D:4      | Learned a level 2 spell: Jinxbite
  3854 | D:5      | Entered Level 5 of the Dungeon
  4456 | D:5      | Reached XP level 8. HP: 25/49 MP: 9/11
  4604 | D:5      | Noticed Duvessa
  4762 | D:5      | Noticed a wraith
  5771 | D:5      | Reached * piety under Okawaru
  6264 | D:6      | Noticed Jeremiah
  6344 | D:5      | Reached skill level 3 in Hexes
  6670 | D:6      | Mangled by a gnoll sergeant

Illustrated notes

Levels and vault maps discovered:
D:1:      sevenhm_arrival_forest_fort_small_4, layout_rooms, st_stairs_8
D:2:      layout_rooms, uniq_sigmund
D:3:      layout_basic, nicolae_overflow_hidden_temple, minmay_crystal_room,
          uniq_grinder, uniq_jessica
D:4:      layout_cave_pools, minmay_temple_entry_drinking_statues,
          serial_bayou_pond_a, kennysheep_generic_room_5, uniq_menkaure
D:5:      layout_basic, uniq_duvessa
D:6:      nicolae_cairo_tiling_very_big, layout_basic,
          mainiacjoe_overflow_chevrons, ebering_ghost_reflecting_pool,
          uniq_blork_the_orc, uniq_edmund, uniq_jeremiah, uniq_pikel
Temple:   hellmonk_temple_of_storms

Skill      XL: |  1  2  3  4  5  6  7  8 |
---------------+-------------------------+-----
Stealth        | 1 2 |  2.0
Ranged Weapons | 1 2 3 4 5 6 |  6.6
Dodging        | 3 4 5 6 |  6.9
Fighting       | 3 4 5 6 |  6.1
Hexes          | 1 3 |  3.0
Short Blades   | |  4.2
Spellcasting   | |  2.1
Conjurations   | |  3.0

Action                     |  1- 3 |  4- 6 |  7- 9 || total
---------------------------+-------+-------+-------++-------
  Melee: Short sword       |     9 |       |       ||     9
   Fire: Sling             |    52 |   111 |   215 ||   378
   Cast: Kiss of Death     |       |     2 |       ||     2
         Jinxbite          |       |       |    23 ||    23
 Invoke: Heroism           |       |       |     1 ||     1
    Use: Potion            |       |     2 |     6 ||     8
         Scroll            |       |       |     2 ||     2
   Stab: Sleeping          |     1 |       |       ||     1
 Armour: Leather armour    |    18 |    28 |    90 ||   136
  Dodge: Dodged            |    19 |    59 |   151 ||   229
